Map: Thunderbird LE

Players

pHARM

  • Race: Zerg Zerg
  • League: Platinum
  • Spawn Location: 11:00

Classifiedx - Winner!

  • Race: Terran Terran
  • League: Platinum
  • Spawn Location: 5:00

VOD

Have the link to the VOD?

Description

Time

  • Played on: Aug. 5, 2019, 2:51 a.m.
  • Length: 18:12
Show
View Real Time Build Order
Export as new Build Order

pHARM Zerg 

Build Orders: Hatch First 

Get SALT Encoding   

  12  0:01  Drone  
  13  0:10  Drone  
  14  0:25  Overlord  
  14  0:28  Drone, Extractor  
  15  0:44  Drone  
  15  0:45  Drone  
  17  0:56  Drone  
  18  0:59  Hatchery  
  17  1:13  Spawning Pool  
  17  1:15  Drone  
  17  1:19  Drone  
  18  1:32  Drone x2  
  20  1:39  Extractor  
  19  1:52  Overlord  
  19  1:53  Drone  
  20  2:01  Queen  
  22  2:11  Queen  
  22  2:13  Zergling x2  
  22  2:14  Zergling x2  
  26  2:22  Drone  
  27  2:28  Drone x2  
  29  2:36  Drone x2  
  31  2:54  Queen  
  33  2:59  Lair  
  33  3:12  Overlord, Drone  
  34  3:13  Drone x2  
  35  3:37  Zergling x12  
  40  3:53  Zergling x8  
  44  4:00  Overlord x2  
  44  4:10  Overseer  
  44  4:18  Evolution Chamber  
  43  4:24  Roach Warren  
  42  4:32  Evolution Chamber  
  42  4:37  Drone  
  42  4:38  Drone x8  
  50  4:45  Zerg Missile Weapons Level 1  
  50  4:48  Hatchery  
  49  4:53  Metabolic Boost  
  49  5:10  Glial Reconstitution  
  49  5:12  Drone  
  49  5:13  Drone x2  
  52  5:15  Overlord x2, Extractor  
  52  5:16  Extractor  
  50  5:25  Overlord x2  
  50  5:30  Drone x2  
  52  5:45  Drone  
  52  5:46  Drone x2  
  52  5:47  Drone x2  
  57  6:15  Drone x8  
  60  6:34  Zerg Ground Armor Level 1  
  60  6:41  Infestation Pit  
  60  6:42  Extractor  
  60  6:54  Roach x9  
  60  6:55  Roach x6  
  60  6:56  Overlord  
  88  7:05  Drone  
  89  7:11  Overlord x2  
  89  7:19  Hive  
  89  7:26  Spire  
  88  7:33  Drone x8  
  94  8:00  Extractor  
  94  8:01  Extractor  
  94  8:05  Roach x11  
  111  8:07  Zerg Missile Weapons Level 2  
  111  8:09  Overlord x2  
  111  8:36  Roach x5  
  111  8:38  Greater Spire  
  111  8:39  Overlord x3  
  121  9:11  Overlord x2  
  121  9:12  Roach  
  121  9:13  Roach x11  
  87  9:38  Roach  
  87  9:39  Roach x10  
  107  9:53  Corruptor x6  
  107  9:58  Ravager x2  
  119  10:02  Zerg Flyer Weapons Level 1  
  119  10:23  Zerg Ground Armor Level 2  
  119  10:26  Brood Lord  
  119  10:27  Brood Lord  
  123  10:45  Hatchery  
  87  11:32  Drone x13  
  100  11:33  Drone x7  
  100  11:34  Overlord x2, Drone x6, Hatchery  
  112  11:51  Zerg Missile Weapons Level 3  
  96  12:19  Overseer  
  94  12:36  Extractor  
  93  12:41  Extractor  
  94  12:44  Roach x10  
  94  12:45  Roach x13  
  94  12:49  Brood Lord  
  140  12:57  Zerg Ground Armor Level 3  
  140  12:59  Overlord x2  
  140  13:02  Zerg Flyer Weapons Level 2  
  140  13:11  Overseer  
  140  13:12  Overseer  
  136  13:24  Roach x7  
  150  13:50  Corruptor x9  
  150  13:54  Hatchery  
  167  14:13  Corruptor x5  
  167  14:14  Corruptor x2  
  181  14:31  Corruptor  
  181  14:32  Corruptor x4  
  181  14:33  Overlord x2  
  111  15:11  Corruptor x11  
  111  15:12  Corruptor  
  119  15:19  Zerg Flyer Armor Level 1  
  105  15:53  Roach x9  
  107  16:07  Brood Lord  
  107  16:08  Brood Lord x3  
  107  16:10  Zergling x14  
  120  16:18  Brood Lord  
  120  16:21  Brood Lord  
  112  16:38  Overlord x3  
  88  16:48  Zergling x4  
  90  16:55  Queen x2, Burrow  
  90  16:56  Extractor  
  90  16:57  Extractor  
  90  17:00  Corruptor x2  
  94  17:08  Corruptor  
  88  17:19  Zergling x24  
  92  17:31  Queen  
Show
View Real Time Build Order
Export as new Build Order

Classifiedx Terran - Winner!

Build Orders: Mech 

Get SALT Encoding   

  12  0:05  SCV  
  13  0:17  SCV  
  14  0:22  Supply Depot  
  14  0:27  Refinery  
  14  0:29  SCV  
  15  0:44  SCV  
  15  0:49  Barracks  
  16  0:56  SCV  
  17  1:08  SCV  
  18  1:17  Supply Depot  
  18  1:20  SCV  
  19  1:32  SCV  
  20  1:37  Factory  
  20  1:45  Orbital Command  
  20  1:48  Reaper  
  21  2:11  SCV  
  22  2:16  Command Center  
  22  2:20  Reaper  
  23  2:23  Hellion  
  25  2:45  Hellion  
  27  2:52  Reaper  
  28  3:06  Command Center  
  28  3:08  Hellion  
  28  3:09  SCV  
  31  3:18  Starport  
  31  3:20  Refinery  
  31  3:26  SCV, Barracks Tech Lab  
  32  3:29  Refinery  
  32  3:31  Refinery  
  32  3:44  SCV  
  32  3:53  Orbital Command  
  31  3:56  SCV  
  32  4:03  Viking  
  34  4:12  Barracks Reactor  
  34  4:13  SCV  
  34  4:14  Factory  
  35  4:19  SCV  
  36  4:25  SCV  
  36  4:31  Orbital Command  
  37  4:34  SCV  
  38  4:43  SCV  
  39  4:47  Siege Tank  
  39  4:52  SCV  
  43  4:55  SCV  
  44  5:05  SCV, Armory  
  44  5:06  Factory, SCV  
  46  5:07  Barracks Tech Lab  
  46  5:08  Starport Tech Lab  
  46  5:12  Hellion  
  46  5:13  Hellion  
  50  5:15  SCV  
  50  5:18  SCV  
  52  5:25  Siege Tank  
  52  5:26  SCV  
  56  5:39  Hellion x2  
  56  5:41  SCV x2  
  62  5:51  SCV  
  62  5:53  Raven  
  62  5:54  Armory  
  62  5:56  SCV x2  
  67  5:59  Refinery x2  
  67  6:02  Terran Vehicle And Ship Armor Level 1  
  67  6:03  SCV  
  68  6:14  SCV  
  69  6:20  SCV  
  69  6:21  Supply Depot  
  69  6:22  Supply Depot  
  69  6:23  Supply Depot  
  69  6:25  SCV  
  71  6:26  SCV  
  71  6:29  Siege Tank  
  75  6:34  Supply Depot  
  75  6:35  Supply Depot  
  75  6:36  Supply Depot  
  75  6:41  Hellion  
  75  6:43  Siege Tank, SCV x2, Hellion  
  75  6:45  SCV  
  85  6:48  Raven  
  87  6:55  Terran Vehicle Weapons Level 1  
  87  6:56  SCV x2  
  89  7:04  Widow Mine x2  
  89  7:06  Thor  
  99  7:08  SCV  
  99  7:09  SCV x2  
  102  7:17  Thor  
  102  7:21  SCV  
  109  7:23  Supply Depot  
  109  7:24  SCV x2, Supply Depot  
  109  7:28  Widow Mine x2  
  115  7:33  Infernal Pre-Igniter  
  115  7:36  Drilling Claws  
  115  7:38  SCV x3  
  118  7:50  SCV x2  
  120  7:55  Thor  
  120  7:56  Hellion  
  120  7:57  Hellion  
  130  8:02  SCV x2  
  130  8:03  Thor, SCV  
  139  8:07  Engineering Bay  
  139  8:09  Terran Vehicle And Ship Armor Level 2  
  139  8:19  Armory  
  139  8:21  Hellion x2  
  143  8:37  Raven  
  145  8:50  Siege Tank x2  
  145  8:51  Hellbat x2  
  155  8:57  SCV x2  
  157  9:13  Refinery  
  157  9:16  SCV  
  156  9:17  Refinery  
  136  9:25  Refinery  
  136  9:27  Refinery, Command Center  
  116  9:46  Siege Tank x2  
  116  9:47  Hellion x2  
  116  9:52  Terran Vehicle Weapons Level 2  
  126  9:53  Terran Ship Weapons Level 1  
  126  9:54  Fusion Core  
  126  10:00  Banshee  
  129  10:13  Hellion x2  
  133  10:21  Command Center  
  133  10:22  Siege Tank x2  
  133  10:27  Terran Vehicle And Ship Armor Level 3  
  133  10:28  Starport x2  
  139  10:39  Hellion x2  
  139  10:40  Planetary Fortress  
  143  10:46  Battlecruiser  
  149  10:59  Thor x2  
  128  11:21  Hellion  
  128  11:22  Hellion  
  128  11:25  Starport Tech Lab x2  
  118  11:36  Planetary Fortress  
  118  11:40  Command Center  
  118  11:41  Command Center  
  106  12:14  Hellion x2, Thor x2  
  122  12:16  Battlecruiser x2  
  122  12:17  Battlecruiser, SCV x2  
  122  12:21  SCV x2  
  122  12:22  Command Center  
  144  12:24  SCV  
  144  12:29  SCV  
  146  12:31  SCV  
  147  12:43  SCV  
  147  12:44  SCV  
  149  12:46  Hellion x2  
  149  12:48  Terran Vehicle Weapons Level 3  
  149  12:49  Terran Ship Weapons Level 2  
  153  12:54  SCV  
  153  12:55  SCV  
  153  12:57  Orbital Command  
  155  13:00  Thor x2  
  167  13:11  Hellion x2  
  167  13:24  Battlecruiser x3  
  185  13:29  Sensor Tower  
  185  13:33  Sensor Tower  
  185  13:34  Orbital Command  
  185  13:44  Hellion x2, Thor  
  156  15:11  Battlecruiser x3  
  168  15:23  Hellion x2  
  168  15:24  Thor x2  
  154  16:11  Thor x2  
  154  16:12  Hellbat x2  
  170  16:28  Battlecruiser x2  
  170  16:29  Battlecruiser  
  162  17:03  Hellion x2, Thor x2  
  162  17:16  SCV  
  162  17:17  SCV x3  
  164  17:27  Starport  
  164  17:28  Starport  
  164  17:29  Command Center  
  160  17:31  Hellion x2, Starport  
  160  17:32  Refinery x2  
Tags
 
Composition
Mech
Matchup
TvZ
Replay Pack
10.7.19
Spawn Locations
Cross Positions
Add a new tag
Caveats
  • Supply blocks, unpowered buildings, or Contaminate may cause inaccurate times.
  • Supply counts are checked every 10 seconds.